cohdb
Replays
Latest Replays
All Replays
Popular Replays
Top Player Replays
Match Explorer
How It Works
Community
CoH3 Stats
Reddit
Sign in to upload your games and track your stats! →
Sign in with Steam
Match 47265655
Unlisted
Match 47265655
Overview
Messages
Build Orders
End
Selects Armored Battlegroup
Selects Assault Engineers
Assault Engineer Squad
Construct Barracks
Riflemen Squad
Riflemen Squad
Riflemen Squad
Construct Medical Station
Infantry Support Center
Construct Motor Pool
M1 Anti-tank Gun Team
Mortar Pit
M1918 Browning Automatic Rifles
Assault Engineer Squad
Assault Engineer Squad
Selects M31 Recovery Vehicle
Selects War Machine
M8 Greyhound Armored Car
M31 Recovery Vehicle
M1 Anti-tank Gun Team
Construct Tank Depot
Mortar Pit
Construct Medical Station
Selects Strength in Steel
Selects Seek and Destroy
Selects UNKNOWN (2160077)
M4A3E8 Sherman Easy Eight
Riflemen Squad
Construct Medical Station
M18 Hellcat Tank Destroyer
Riflemen Squad
M31 Recovery Vehicle
Riflemen Squad
M4A3E8 Sherman Easy Eight
M4A3E8 Sherman Easy Eight
Assault Engineer Squad
Seek and Destroy
M1 Anti-tank Gun Team
snowstorm31st
Goodvyn
0
0
Comments
sign in to comment!
No comments posted yet!